 Dungeon Crawl Stone Soup version 0.27-a0-1532-gca18f49f40 (webtiles) character file.

Game seed: 12926873379100474440

277 Sabo the Chopper (level 6, -5/53 HPs)
             Began as a Minotaur Fighter on July 7, 2021.
             Was an Initiate of Hepliaklqana.
             Slain by an ogre (27 damage)
             ... on level 4 of the Dungeon on July 13, 2021.
             The game lasted 00:18:55 (3340 turns).

Sabo the Chopper (Minotaur Fighter)                 Turns: 3340, Time: 00:18:55

Health: -5/53      AC:  7    Str: 21    XL:     6   Next: 4%
Magic:  5/5        EV:  8    Int:  5    God:    Hepliaklqana [......]
Gold:   152        SH: 10    Dex: 11    Spells: 5/5 levels left

rFire    + . .     SeeInvis .   a - +0 war axe
rCold    . . .     Faith    .   c - +0 kite shield
rNeg     . . .     Spirit   .   b - +0 scale mail
rPois    .         Reflect  .   (helmet restricted)
rElec    .         Harm     .   (no cloak)
rCorr    .         Rampage  .   (no gloves)
Will     .....                  (no boots)
Stlth    ..........             l - amulet of regeneration
HPRegen  1.17/turn              o - ring of protection from fire
MPRegen  0.09/turn              (no ring)

@: no status effects
A: horns 2, retaliatory headbutt
a: Renounce Religion


You were on level 4 of the Dungeon.
You worshipped Hepliaklqana.
Hepliaklqana was noncommittal.
You visited 1 branch of the dungeon, and saw 4 of its levels.

You collected 152 gold pieces.

Inventory:

Hand Weapons
 a - a +0 war axe (weapon)
 k - a +0 hunting sling
Missiles
 f - 23 sling bullets
 g - 51 arrows
 p - 14 poisoned darts (quivered)
 s - 37 bolts
Armour
 b - a +0 scale mail (worn)
 c - a +0 kite shield (worn)
Jewellery
 l - an amulet of regeneration (around neck)
 o - a ring of protection from fire (left hand)
Wands
 r - a wand of polymorph (9)
 t - a wand of digging (6)
 u - a wand of flame (14)
Scrolls
 e - a scroll of teleportation {unknown}
 i - a scroll of identify {unknown}
 m - a scroll of magic mapping {unknown}
 v - a scroll of amnesia {unknown}
 w - a scroll of immolation {unknown}
Potions
 d - a potion of might
 h - 2 potions of cancellation {unknown}
 j - a potion of haste {unknown}
 n - 2 potions of invisibility {unknown}
 q - a potion of ambrosia {unknown}


   Skills:
 + Level 4.7 Fighting
 + Level 5.3 Axes
 + Level 4.7 Armour
 + Level 0.8 Dodging
 + Level 0.1 Stealth
 + Level 4.6 Shields


You had 5 spell levels left.
You didn't know any spells.
Your spell library was empty.

Dungeon Overview and Level Annotations

Branches:
Dungeon (4/15)
 Temple: D:4-7

Altars:
Hepliaklqana


Innate Abilities, Weirdness & Mutations

You have a pair of horns on your head.
You reflexively headbutt those who attack you in melee.


Message History

The adder barely misses you. You furiously retaliate!
You headbutt the adder! The adder bites you but does no damage.
You barely miss the adder.
The adder is almost dead.
The adder barely misses you. The adder bites you.
You slash the adder!
You kill the adder!
You block the jackal's attack.
You have reached level 6!
Your experience leads to an increase in your attributes!
Increase (S)trength, (I)ntelligence, or (D)exterity?
You feel stronger.
You slash the jackal!
You kill the jackal!
The kobold hits you but does no damage.
You barely miss the kobold. The kobold closely misses you.
You slash the kobold!
You kill the kobold!
You block the orc's attack.
An orc comes into view. It is wielding a +0 whip.
You completely miss the orc. You headbutt the orc, but do no damage.
The orc hits you with a +0 hand axe.
The endoplasm jiggles.
You hit the orc.
The orc is almost dead.
The orc hits you but does no damage. x2
You hit the orc.
You kill the orc!
The ogre hits you with a +0 giant club!!
You barely miss the ogre. You headbutt the ogre.
The ogre is lightly wounded.
You block the ogre's attack.
You slash the ogre! You headbutt the ogre.
The ogre is moderately wounded.
The ogre hits you with a +0 giant club!
You slash the ogre!
The ogre is almost dead.
The ogre hits you with a +0 giant club!!
Ouch! That really hurt!
You die...

..........#
#.##..###..###
#.....#)#....#
#..####'####.# ##
#..#.^#.#^.#.# ##.
..##^#.#^##.# ###..
..#.^#.#^.#.#######[..#
#.##^#.#^##.##.........
#.#.^#@#^.#............
#.####O####............
#....owo.....#.........
#####oJ......#.........
##########.........
#......... #.........
#......... #.[.......


You could see an ogre, a dart slug, 3 orcs and an endoplasm.

Vanquished Creatures
  A phantom (D:2)
  A water moccasin skeleton (D:3)
  A hound (D:4)
  5 adders
  An ufetubus (D:4)
  2 worms (D:3)
  2 dart slugs
  An orc (D:4)
  6 bats
  4 endoplasms
  4 giant cockroaches
  5 goblins
  6 hobgoblins
  8 jackals
  7 kobolds
  4 ball pythons
  2 frilled lizards
  8 rats
68 creatures vanquished.

Vanquished Creatures (others)
  11 plants
  5 toadstools (D:1)
16 creatures vanquished.

Grand Total: 84 creatures vanquished

Notes
Turn   | Place    | Note
-------+----------+-------------------------------------------
     0 | D:1      | Sabo the Minotaur Fighter began the quest for the Orb.
     0 | D:1      | Reached XP level 1. HP: 19/19 MP: 0/0
   496 | D:1      | Reached XP level 2. HP: 27/27 MP: 1/1
  1234 | D:2      | Reached XP level 3. HP: 32/34 MP: 2/2
  1303 | D:2      | Noticed a phantom
  1312 | D:2      | Killed a phantom
  1313 | D:2      | Reached skill level 3 in Axes
  1313 | D:2      | Reached XP level 4. HP: 37/41 MP: 3/3
  1982 | D:2      | Upgraded the game from 0.27-a0-1456-gf5a116941d to
                  | 0.27-a0-1532-gca18f49f40
  2311 | D:3      | Reached skill level 4 in Axes
  2311 | D:3      | Reached XP level 5. HP: 41/47 MP: 4/4
  3185 | D:4      | Found a hazy altar of Hepliaklqana.
  3233 | D:4      | Became a worshipper of Hepliaklqana the Forgotten
  3313 | D:4      | Reached skill level 5 in Axes
  3313 | D:4      | Noticed an ogre
  3332 | D:4      | Reached XP level 6. HP: 53/53 MP: 5/5
  3340 | D:4      | Slain by an ogre

Illustrated notes

Levels and vault maps discovered:
D:1:      ldierk_walled_garden, layout_basic, kennysheep_boxes
D:2:      layout_basic, guppyfry_early_lair_pool
D:3:      layout_basic, minmay_stone_trees_medium, minmay_pentomino_pile
D:4:      layout_rooms, nicolae_hepliaklqana_hazy_memory, gammafunk_ghost_grave,
          chequers_avenue, grunt_tough_drop, uniq_crazy_yiuf_cottage

Skill      XL: |  1  2  3  4  5 |
---------------+----------------+-----
Fighting       | 4 |  4.7
Shields        | 4 |  4.6
Axes           | 3 4 5 |  5.3
Armour         | 4 |  4.7
Dodging        | |  0.8
Stealth        | |  0.1

Action                   |  1- 3 |  4- 6 || total
-------------------------+-------+-------++-------
Melee: War axe           |    50 |   127 ||   177
       Headbutt          |     4 |    19 ||    23
Armor: Scale mail        |    29 |    57 ||    86
Dodge: Dodged            |    32 |    57 ||    89
Block: Kite shield       |    25 |    60 ||    85
       Buckler           |     3 |     3 ||     6

Table legend: (Time is in decaauts)
 A = Elapsed time spent in this place.
 B = Non-inter-level travel time spent in this place.
 C = Inter-level travel time spent in this place.
 D = Time resting spent in this place.
 E = Time spent auto-exploring this place.
 F = Levels seen in this place.
 G = Mean time per level.
                   A        B        C        D        E       F      G
               +--------+--------+--------+--------+--------+-----+--------+
         Total |   3468 |   3468 |      0 |    346 |      0 |   4 |  867.0 |
       Dungeon |   3468 |   3468 |      0 |    346 |      0 |   4 |  867.0 |
               +--------+--------+--------+--------+--------+-----+--------+

Top non-repeatable levels by time:
     D:1: 1219 daAuts
     D:3: 1129 daAuts
     D:2: 949 daAuts
     D:4: 170 daAuts
